 Dungeon Crawl Stone Soup version 0.28.0-53-g5a82cb258f (webtiles) character file.

Game seed: 11694420459774507211

666 pkoi the Ruffian (level 7, -2/85 HPs)
             Began as a Demigod Gladiator on June 6, 2022.
             Slain by a killer bee (3 damage)
             ... on level 4 of the Dungeon.
             The game lasted 00:05:26 (7321 turns).

pkoi the Ruffian (Demigod Gladiator)                Turns: 7321, Time: 00:05:27

Health: -2/85      AC: 23    Str: 19    XL:     7   Next: 9%
Magic:  18/18      EV:  2    Int: 14    God:
Gold:   188        SH:  0    Dex: 15    Spells: 6/6 levels left

rFire   . . .      SeeInvis .     - Unarmed
rCold   . . .      Faith    .   (no shield)
rNeg    . . .      Spirit   .   (armour currently unavailable)
rPois   +          Reflect  .   (helmet currently unavailable)
rElec   .          Harm     .   (cloak currently unavailable)
rCorr   .          Rampage  .   (gloves currently unavailable)
Will    .....      NoTele   +   (boots currently unavailable)
Stlth   +.........              (no amulet)
HPRegen 0.24/turn               g - ring of magical power
MPRegen 0.16/turn               i - ring of flight

@: lethally poisoned (-2 -> -4), tree-form
A: stationary, stasis, torment immunity, boosted hp, high MP 1, forlorn, divine
attributes
a: no special abilities


You were on level 4 of the Dungeon.
You were a tree.
You visited 1 branch of the dungeon, and saw 4 of its levels.

You collected 188 gold pieces.

Inventory:

Hand Weapons
 d - a +0 short sword
 h - a +0 dagger
 j - a +1 whip
 r - a +0 short sword of flaming
Missiles
 c - a throwing net (quivered)
 k - 3 poisoned darts
Armour
 a - a +0 leather armour
 b - a +0 helmet (melded)
 l - a +1 cloak (melded)
 m - a +2 robe of fire resistance (melded)
Magical Staves
 e - a staff of cold
Jewellery
 g - a ring of magical power (left branch)
 i - a ring of flight (right branch)
Scrolls
 n - 3 scrolls of identify
Potions
 f - a potion of heal wounds
 o - a potion of lignification
 p - 2 potions of haste {unknown}
 q - a potion of ambrosia {unknown}


   Skills:
 + Level 3.6 Fighting
 - Level 1.7 Throwing
 - Level 3.0 Dodging
 * Level 7.0 Unarmed Combat


You had 6 spell levels left.
You didn't know any spells.
Your spell library was empty.

Dungeon Overview and Level Annotations

Branches:
Dungeon (4/15)
 Temple: D:4-7

Annotations:
D:2 Terence


Innate Abilities, Weirdness & Mutations

You are a tree.
Your roots penetrate the ground, keeping you stationary.
You cannot be teleported.
You are immune to unholy pain and torment.
Your maximum health is greatly increased.
Your equipment is partially melded.
You have an increased reservoir of magic. (+10% MP)
You shall have no god before yourself.
Your divine heritage dramatically boosts your attributes as you level up.


Message History

You are lethally poisoned!
The killer bee poisons you!
You feel better. The killer bee stings you.
* * * LOW HITPOINT WARNING * * *
You are poisoned.
The killer bee poisons you! The killer bee stings you.
* * * LOW HITPOINT WARNING * * *
It was a potion of lignification.
You turn into a tree.
Your +1 cloak melds into your body.
Your +0 helmet melds into your body.
Your +2 robe of fire resistance melds into your body.
You feel less resistant to fire.
Your roots penetrate the ground.
You feel sick. The killer bee stings you.
* * * LOW HITPOINT WARNING * * *
The killer bee stings you but does no damage.
You hit the killer bee.
The killer bee is moderately wounded.
You feel sick.
The killer bee stings you but does no damage.
You smack the killer bee!
You kill the killer bee!
You feel sick. The killer bee completely misses you.
Your life force feels restored.
Your Unarmed Combat skill increases to level 7!
You hit the killer bee.
The killer bee is moderately wounded.
You feel sick.
The killer bee stings you but does no damage.
The killer bee stings you!
* * * LOW HITPOINT WARNING * * *
You closely miss the killer bee.
The killer bee is moderately wounded.
You feel sick. The killer bee stings you.
* * * LOW HITPOINT WARNING * * *
You closely miss the killer bee.
The killer bee is moderately wounded.
* * * LOW HITPOINT WARNING * * *
You feel sick.
The killer bee stings you but does no damage.
The killer bee stings you.
You die...

# ... # ##### #.# ###+####...#
#.# #..........# #.#
#..........# #.# #..........#
#.# .y
#..........####.###########....
'...............♣yyyy..........
#.........#####'#######.##....
#.........# #......# #)# #
#.........###......# #.#
............#......####'##
....#######.###+###......#
###########..##.# #......#
................# #......#
############.######......#


You could see 4 killer bees.

Vanquished Creatures
  Sigmund (D:2)
  An ogre (D:3)
  2 killer bees (D:4)
  3 wights
  A hound (D:4)
  Natasha (twice) (D:2)
  7 adders
  A worm (D:3)
  A dart slug (D:3)
  5 bats
  5 endoplasms
  6 giant cockroaches
  7 goblins
  6 hobgoblins
  A quokka (D:2)
  7 ball pythons
  3 frilled lizards
  5 kobolds
  4 rats
68 creatures vanquished.

Notes
Turn   | Place    | Note
-------+----------+-------------------------------------------
     0 | D:1      | pkoi the Demigod Gladiator began the quest for the Orb.
     0 | D:1      | Reached XP level 1. HP: 17/17 MP: 3/3
   129 | D:1      | Reached skill level 3 in Unarmed Combat
   984 | D:1      | Reached XP level 2. HP: 24/24 MP: 4/4
  1863 | D:2      | Noticed Sigmund
  1950 | D:2      | Reached XP level 3. HP: 11/29 MP: 5/5
  2406 | D:2      | Reached skill level 4 in Unarmed Combat
  3194 | D:2      | Reached XP level 4. HP: 35/36 MP: 6/6
  3398 | D:2      | Noticed Natasha
  3413 | D:2      | Killed Natasha
  3497 | D:2      | Noticed Natasha
  3508 | D:2      | Killed Natasha
  4076 | D:2      | Killed Sigmund
  4077 | D:2      | Reached skill level 5 in Unarmed Combat
  4077 | D:2      | Reached XP level 5. HP: 14/45 MP: 7/7
  4511 | D:2      | Noticed Terence
  4900 | D:3      | Reached XP level 6. HP: 51/51 MP: 8/8
  5370 | D:3      | Reached skill level 6 in Unarmed Combat
  7310 | D:4      | Reached XP level 7. HP: 30/55 MP: 9/9
  7319 | D:4      | Reached skill level 7 in Unarmed Combat
  7320 | D:4      | HP: 4/85 [poisoned by a killer bee]
  7321 | D:4      | HP: 1/85 [poisoned by a killer bee]
  7321 | D:4      | Slain by a killer bee

Illustrated notes

Levels and vault maps discovered:
D:1:      minmay_arrival_arboretum_small, layout_basic, minmay_misc_feat_rows
D:2:      layout_basic, hellmonk_ecumenical_altar_run_dry,
          kennysheep_cluttered_room, uniq_terence, uniq_natasha, uniq_sigmund
D:3:      minmay_diamond_boxcup, layout_loops_cross, lemuel_round_altar,
          minmay_misc_feat_roman
D:4:      layout_basic, serial_shops, nicolae_shop_statue_plus

Skill      XL: |  1  2  3  4  5  6  7 |
---------------+----------------------+-----
Unarmed Combat | 3 4 5 6 7 |  7.0
Dodging        | 3 |  3.0
Fighting       | 3 |  3.6
Throwing       | |  1.7

Action                   |  1- 3 |  4- 6 |  7- 9 || total
-------------------------+-------+-------+-------++-------
Melee: Unarmed           |   131 |   154 |    10 ||   295
       Punch             |     2 |     4 |       ||     6
Throw: Throwing net      |       |     2 |       ||     2
  Use: Potion            |     3 |     1 |     2 ||     6
       Scroll            |     1 |     4 |       ||     5
 Stab: Sleeping          |     2 |     2 |       ||     4
Armor: Leather armour    |    40 |    11 |       ||    51
       Robe              |       |    14 |     1 ||    15
       Skin              |       |       |     4 ||     4
Dodge: Dodged            |    84 |    81 |     6 ||   171
